 Dungeon Crawl Stone Soup version 0.30.1-3-gfc49f6343a (webtiles) character file.

Game seed: 7129772141642162024

356 sampeng1 the Chopper (level 6, -4/43 (49) HPs)
             Began as a Human Berserker on July 28, 2023.
             Was a Believer of Trog.
             Slain by a wight
             ... wielding a +0 dire flail
              (6 damage)
             ... on level 4 of the Dungeon.
             The game lasted 00:10:08 (3074 turns).

sampeng1 the Chopper (Human Berserker)              Turns: 3074, Time: 00:10:09

HP:   -4/43 (49)    AC:  9    Str: 19    XL:     6   Next: 96%
MP:   6/6           EV: 11    Int:  7    God:    Trog [**....]
Gold: 131           SH:  0    Dex: 19    Spells: 5/5 levels left

rFire   . . .        a - +0 hand axe
rCold   . . .        (no shield)
rNeg    + . .        m - +0 scale mail
rPois   .            (no helmet)
rElec   .            n - +0 cloak
rCorr   .            (no gloves)
SInv    .            c - +0 pair of boots
Will    ++...        (no amulet) Stlth
                     e - +6 ring of dexterity
HPRegen 1.27/turn    o - ring of positive energy
MPRegen 0.10/turn

%: no passive effects
@: strong-willed, regenerating, heavily drained
A: no striking features
a: Renounce Religion, Berserk, Trog's Hand


You were on level 4 of the Dungeon.
You worshipped Trog.
Trog was pleased with you.
You visited 1 branch of the dungeon, and saw 4 of its levels.

You collected 131 gold pieces.

Inventory:

Hand Weapons
 a - a +0 hand axe (weapon)
Missiles
 d - 15 poisoned darts (quivered)
Armour
 c - a +0 pair of boots (worn)
 m - a +0 scale mail (worn)
 n - a +0 cloak (worn)
Jewellery
 e - a +6 ring of dexterity (left hand)
 o - a ring of positive energy (right hand)
 p - a ring of fire
 s - a ring of resist corrosion
Wands
 r - a wand of paralysis (11)
Scrolls
 f - 3 scrolls of identify
 g - a scroll of fear
 h - a scroll of blinking
 j - a scroll of amnesia
 k - a scroll of fog {unknown}
 l - a scroll of enchant weapon {unknown}
 u - a scroll of enchant armour {unknown}
Potions
 b - a potion of heal wounds
 i - a potion of might
 q - a potion of invisibility {unknown}
 t - a potion of berserk rage {unknown}


   Skills:
 + Level 4.4 Fighting
 + Level 4.4 Axes
 + Level 3.7 Armour
 + Level 3.7 Dodging


You had 5 spell levels left.
You didn't know any spells.
Your spell library was empty.

Dungeon Overview and Level Annotations

Branches:
Dungeon (4/15)
 Temple: D:4-7

Altars:
Yredelemnul


Message History

You hit the wight.
The wight is moderately damaged.
You barely miss the wight. The wight closely misses you.
The wight barely misses you.
You hit the wight.
The wight is moderately damaged.
You barely miss the wight.
The wight hits you with a +3 long sword!
You partially resist.
You feel drained.
You hit the wight but do no damage. You hit the wight.
The wight closely misses you.
You barely miss the wight. You hit the wight. The wight closely misses you.
The wight hits you with a +3 long sword.
You completely miss the wight.
The wight is moderately damaged.
You hit the wight but do no damage. The wight closely misses you.
You hit the wight but do no damage.
The wight is moderately damaged.
You hit the wight but do no damage.
The wight hits you with a +0 dire flail!
You partially resist.
You feel drained.
The wight hits you with a +3 long sword.
You barely miss the wight.
The wight is moderately damaged.
You hit the wight. The wight hits you but does no damage.
The wight hits you with a +3 long sword!
You partially resist.
You feel drained.
Your skin crawls.
You feel strong-willed.
The wight hits you with a +0 dire flail!
* * * LOW HITPOINT WARNING * * *
The wight hits you with a +3 long sword!
* * * LOW HITPOINT WARNING * * *
You partially resist.
You feel drained.
* * * LOW HITPOINT WARNING * * *
You hit the wight but do no damage.
The wight is moderately damaged.
You hit the wight but do no damage.
The wight hits you with a +0 dire flail.
You die...

...........#.##.###.###..
.................>.......
..........#.#.#..#####..
#....####.##.###
#.........##.#
#....#######.# #..†.# #.#
#.##.#.## #.# #.....z@#
#.# #.##.##z# #.# # #.
.z.. ..# #........
#.......... #.....$....
#......#.#. #.###.[...


You could see 3 wights.

Vanquished Creatures
  Duvessa (D:4)
  Dowan (D:4)
  A hound (D:4)
  Crazy Yiuf (D:2)
  Terence (D:2)
  5 adders
  A worm (D:3)
  4 dart slugs
  4 ball pythons
  5 endoplasms
  A giant cockroach (D:2)
  4 goblins
  12 hobgoblins
  8 jackals (D:1)
  A quokka (D:3)
  10 bats
  4 frilled lizards
  7 kobolds
  4 rats
  A spectral orc (D:3)
76 creatures vanquished.

Notes
Turn   | Place    | Note
-------+----------+-------------------------------------------
     0 | D:1      | sampeng1 the Human Berserker began the quest for the Orb.
     0 | D:1      | Reached XP level 1. HP: 18/18 MP: 1/1
   149 | D:1      | Reached XP level 2. HP: 19/24 MP: 2/2
   321 | D:1      | Reached XP level 3. HP: 29/29 MP: 3/3
   334 | D:1      | Reached ** piety under Trog
   765 | D:1      | Found a faded altar of an unknown god.
  1093 | D:2      | Reached XP level 4. HP: 35/35 MP: 4/4
  1188 | D:2      | Noticed Terence
  1207 | D:2      | Killed Terence
  1291 | D:2      | Found a runed translucent door.
  1292 | D:2      | Noticed Crazy Yiuf
  1299 | D:2      | Killed Crazy Yiuf
  1300 | D:2      | Reached XP level 5. HP: 42/42 MP: 5/5
  1973 | D:3      | Found a basalt altar of Yredelemnul.
  2865 | D:4      | Noticed Dowan
  2865 | D:4      | Noticed Duvessa
  2880 | D:4      | Killed Duvessa
  2881 | D:4      | Reached XP level 6. HP: 33/48 MP: 6/6
  2889 | D:4      | Killed Dowan
  3073 | D:4      | HP: 1/43 [wight/+3 long sword (2)]
  3074 | D:4      | Slain by a wight

Illustrated notes

Levels and vault maps discovered:
D:1:      minmay_arrival_widening_spiral_wide, layout_loops_ring,
          hellmonk_ecumenical_altar_defaced_shrine, minmay_vboxes
D:2:      layout_loops_corners, corner_web_ring, uniq_crazy_yiuf_cottage,
          uniq_terence
D:3:      layout_loops_cross, yredelemnul_forgotten_temple_becter,
          minmay_misc_feat_pillars, nrook_uturn,
          minmay_fractal_squares_diagonal_5
D:4:      layout_loops_cross, minmay_temple_entry_fiery, dk_noncrumbling_2,
          nrook_loot_triangle, guppyfry_early_lair_pool, uniq_duvessa,
          uniq_grinder

Skill      XL: |  1  2  3  4  5 |
---------------+----------------+-----
Dodging        | 3 |  3.7
Armour         | 3 |  3.7
Fighting       | 4 |  4.4
Axes           | 4 |  4.4

Action                     |  1- 3 |  4- 6 || total
---------------------------+-------+-------++-------
  Melee: Hand axe          |    98 |   146 ||   244
         Punch             |     1 |     3 ||     4
  Throw: Dart              |     4 |     3 ||     7
 Invoke: Berserk           |     1 |     3 ||     4
         Trog's Hand       |       |     1 ||     1
    Use: Scroll            |     3 |     4 ||     7
         Potion            |       |     3 ||     3
   Stab: Sleeping          |     3 |       ||     3
 Armour: Animal skin       |    38 |       ||    38
         Ring mail         |     3 |     2 ||     5
         Scale mail        |       |    60 ||    60
  Dodge: Dodged            |    79 |    96 ||   175
